jalk, chaotic male human Wizard --------------- |..............# |<.........%..| |.............| |.............-# ---.-|---------# # # ####)## # - # .| -|------ # ..` |.......#### # .. |......|############# -- -- | |....@'.######------## -.....`.....| |......| ####+....|## .....`| -------- ###|....|# ------- #-....|## |*...-# ------ jalk the Thaumaturge Experience level: 7 Strength: 15 Dexterity: 14 Constitution: 13 Intelligence: 20 Wisdom: 12 Charisma: 9 Health: 0(51) Energy: 14(55) AC: 6 Gold: 252 Moves: 3381 Your Inventory: Coins $ - 252 gold pieces Weapons a - a blessed +1 quarterstaff Armor b - an uncursed +0 cloak of magic resistance (being worn) n - an [uncursed] +0 iron skull cap [orcish helm] (being worn) v - an [uncursed] +0 leather armor (being worn) Scrolls i - a blessed scroll of teleportation k - an uncursed scroll of enchant weapon p - a blessed scroll of enchant armor x - a cursed scroll of identify F - an [uncursed] scroll of teleportation H - a [blessed] scroll labeled SODALG [of earth] K - an [uncursed] scroll of enchant armor Spellbooks l - a blessed spellbook of force bolt m - an uncursed spellbook of sleep Potions f - a blessed potion of levitation g - an uncursed potion of levitation h - an uncursed potion of object detection t - an uncursed potion of water G - an [uncursed] ochre potion [of gain energy] Rings d - an uncursed ring of free action (on right hand) e - an uncursed +2 ring of gain intelligence (on left hand) Wands c - an uncursed wand of locking (0:4) I - an [uncursed] mithril wand [of create monster (0:15)] Tools o - an [uncursed] magic marker [0:20] Spells known in the end: Name Level Category Fail Memory a - force bolt 1 attack 0% [|||||||.] b - sleep 1 enchantment 0% [|||||||.] Your skills at the end: Fighting Skills Weapon Skills quarterstaff [Basic / Expert] Spellcasting Skills attack spells [Basic / Expert] enchantment spells [Basic / Skilled] Final Attributes: You were piously aligned. Hunger level was 203. Your alignment was 26 / 26. Monster difficulty range was 1 - 6. Level difficulty was 6. You were immune to sleep. You were magic-protected. You were telepathic. You were held by a rope golem. You had free action. Your luck was zero. You are dead. Vanquished creatures: a small mimic a dingo a housecat 2 ravens a mountain nymph 2 Mordor orcs an elf zombie 4 giant ants 4 floating eyes 3 dwarf zombies 2 iguanas a gas spore a hobbit a hobgoblin 6 giant rats 2 cave spiders a yellow mold a green mold a gnome 2 garter snakes a gnome zombie 2 geckos 3 jackals 2 foxes a kobold 3 goblins 2 grid bugs 3 lichens 3 newts 58 creatures vanquished. Voluntary challenges: You used a wielded weapon 19 times. You read items or engraved 509 times. You put on armor 5 times. You never genocided any monsters. You never polymorphed an object. You never changed form. You used no wishes. You wrote Elbereth's name 185 times. You encountered 1 bones level. You never used any Sokoban shortcuts. Dungeon overview: The Dungeons of Doom: levels 1 to 6 Level 1 a long staircase Level 2 a general store Level 3 a fountain stairs to The Gnomish Mines Level 4 a general store Level 7 <- You were here The Gnomish Mines: Level 4 stairs to The Dungeons of Doom History has recorded: On T:1 you entered the Dungeons of Doom to retrieve the Amulet of Yendor! On T:381 you advanced to experience level 2. On T:612 you reached level 2 of The Dungeons of Doom. On T:932 you advanced to experience level 3. On T:944 you advanced to experience level 4. On T:1309 you reached level 3 of The Dungeons of Doom. On T:1719 you reached level 1 of The Gnomish Mines. On T:1766 you advanced to experience level 5. On T:1780 you reached level 4 of The Dungeons of Doom. On T:2157 you reached level 5 of The Dungeons of Doom. On T:2523 you advanced to experience level 6. On T:2763 you reached level 6 of The Dungeons of Doom. On T:3161 you advanced to experience level 7. Latest messages: There are several objects here. [HP+1=20] This Mordor orc corpse tastes terrible! [HP+1=21] You stop eating the Mordor orc corpse. [8 turns] You resume your meal. You stop eating the Mordor orc corpse. [HP+1=22] [2 turns] The spell hits the rope golem! The rope golem hits! (2x) The rope golem grabs you! [HP-10=12] The spell hits the rope golem! The rope golem hits! (2x) You are being choked. You die... Final status: Goodbye jalk the Wizard... You died in The Dungeons of Doom on dungeon level 6 with 1541 points, and 252 pieces of gold, after 3381 moves. You were level 7 with a maximum of 51 hit points when you died.